AoeStats
← RoR | Vodka_L_2

Arabia

510088496Analyzed
1v1 RM · 3d ago on Sep 29, 2026· 27m 53s· 2 players
Game mode
Random Map
Map size
Tiny (2 player)
Population
200
Speed
Normal
Resources
Standard
Victory
Conquest
Starting age
Dark Age
Ending age
Imperial Age
RankedLock teamsTeams togetherTeam positionsShared explorationLock speedFull tech treeHidden civsTurbo modeCheats
Victory
Defeat
🇮🇹 Danes · Italy
2604
+13
🇨🇳 Koreans · China
2534
-13
_LY_lyx
6:00 Loom
8:23 Feudal Age
9:05 Double-Bit Axe
18:13 Fletching
23:43 Castle Age
21:50 Gold Mining
22:14 Horse Collar
22:45 Stone Mining
24:31 Bodkin Arrow
24:33 Town Watch
25:12 Elite Skirmisher
RoR | Vodka_L_2
6:23 Loom
8:49 Feudal Age
8:56 Man-at-Arms
10:40 Double-Bit Axe
11:19 Town Watch
12:55 Horse Collar
17:45 Fletching
22:57 Castle Age
21:34 Gold Mining
22:16 Scale Mail Armor
23:58 Chain Mail Armor
24:00 Squires
Connection lost

Rejoining the realm…

Still unreachable

The connection could not be restored.

Session expired

The server has moved on; the page needs a fresh start.